 Dungeon Crawl Stone Soup version 0.27-a0-1502-g47ed6a6988 (webtiles) character file.

Game seed: 8169597667104822286

4402 ABBCCCDDDD the Nimble (level 10, -25/69 HPs)
             Began as a Djinni Hedge Wizard on July 9, 2021.
             Was a Priest of Hepliaklqana.
             Killed from afar by an ice dragon (93 damage)
             ... with a blast of cold
             ... on level 11 of the Dungeon.
             The game lasted 00:27:08 (11345 turns).

ABBCCCDDDD the Nimble (Djinni Hedge Wizard)        Turns: 11345, Time: 00:27:08

Health: -25/69     AC:  7    Str: 12    XL:     10   Next: 61%
Gold:   345        EV: 16    Int: 15    God:    Hepliaklqana [***...] SH:  5 Dex: 14

rFire    + + .     SeeInvis .   n - +1 flail (protect)
rCold    x . .     Faith    .   C - +0 buckler
rNeg     . . .     Spirit   .   G - +0 steam dragon scales
rPois    ∞         Reflect  .   c - +0 hat
rElec    .         Harm     .   f - +0 cloak
rCorr    .         Rampage  .   l - +0 pair of gloves
Will     ++...                  (boots unavailable)
Stlth    ++........             (no amulet)
HPRegen  0.21/turn              y - ring of willpower
MPRegen  0.00/turn              (no ring)

@: flying
A: reduced essence, sickness immunity, fire resistance 2, cold vulnerability 1,
float, innate caster, hp casting, extra vitality 1
a: Renounce Religion, Recall Ancestor, Ancestor Identity, Transference


You were on level 11 of the Dungeon.
You worshipped Hepliaklqana.
Hepliaklqana was most pleased with you.
You visited 2 branches of the dungeon, and saw 10 of its levels.
You also visited: Gauntlet.

You collected 345 gold pieces.

Inventory:

Hand Weapons
 m - a +2 short sword of draining
 n - a +1 flail of protection (weapon)
 p - a +2 antimagic war axe
 z - a +2 antimagic dagger
 A - a +0 falchion
 F - a +1 morningstar of flaming
Missiles
 a - 4 javelins
 g - 24 poisoned darts
Armour
 c - a +0 hat (worn)
 f - a +0 cloak (worn)
 l - a +0 pair of gloves (worn)
 C - a +0 buckler (worn)
 G - +0 steam dragon scales (worn)
Magical Staves
 w - a staff of conjuration
Jewellery
 b - a ring of positive energy
 y - a ring of willpower (left hand)
Wands
 e - a wand of iceblast (7)
 h - a wand of flame (14)
 E - a wand of paralysis (3)
Scrolls
 k - a scroll of magic mapping
 s - a scroll of vulnerability {unknown}
 t - 2 scrolls of enchant armour {unknown}
 u - 3 scrolls of teleportation {unknown}
 B - a scroll of blinking {unknown}
Potions
 i - 3 potions of might
 j - 2 potions of curing
 o - 3 potions of haste
 v - a potion of resistance
 x - a potion of brilliance


   Skills:
 + Level 8.4 Fighting
 - Level 10.0 Dodging
 - Level 1.5 Stealth
 - Level 4.0 Shields
 - Level 6.0 Spellcasting


You couldn't memorise any spells.
You knew the following spells:

 Your Spells              Type           Power      Damage    Failure   Level
a - Magic Dart            Conj           88%        1d7       1%          1
b - Blink                 Tloc           N/A        N/A       1%          2
c - Call Imp              Summ           22%        N/A       1%          2
d - Slow                  Hex            22%        N/A       1%          2
e - Conjure Flame         Conj/Fire      22%        6-21      3%          3
f - Mephitic Cloud        Conj/Pois/Air  22%        N/A       3%          3
g - Sting                 Tmut/Pois      88%        1d7       1%          1
h - Poisonous Vapours     Pois/Air       44%        N/A       1%          2
i - Ignite Poison         Fire/Tmut/Pois 22%        N/A       3%          3
j - Tukima's Dance        Hex            22%        N/A       3%          3
Your spell library was empty.

Dungeon Overview and Level Annotations

Branches:
Dungeon (11/15)            Temple (1/1) D:4         Gauntlet (visited)
   Lair: D:8-11         Orc: D:9-12

Altars:
Ashenzari
Cheibriados
Dithmenos
Elyvilon
Fedhas
Gozag
Hepliaklqana
Kikubaaqudgha
Makhleb
Okawaru
Qazlal
Ru
Sif Muna
Trog
Uskayaw
Vehumet
Wu Jian
Xom
Yredelemnul
The Shining One

Shops:
D:1 =

Portals:
Ice
Cave: D:11

Annotations:
D:2 Terence
D:3 Ijyb
D:8 Joseph


Innate Abilities, Weirdness & Mutations

Your life essence is reduced to manifest your ancestor. (-10% HP)
You are immune to sickness and miasma.
You are immune to poison.
Your flesh is very heat resistant. (rF++)
You are vulnerable to cold. (rC-)
You float through the air rather than walking.
You learn spells naturally, not from books.
Your magical power is your life essence.
You have superior vitality. (+4 HP)


Message History

As you read the scroll of summoning, it crumbles to dust.
Wisps of shadow whirl around you...
The ice dragon bites you but does no damage.
The ice dragon closely misses you. The ice dragon barely misses you.
You swap places.
The ice dragon bites your centaur warrior zombie!
The ice dragon claws your centaur warrior zombie but does no damage.
The ice dragon tramples your centaur warrior zombie!
Your centaur warrior zombie holds its ground!
Your centaur hits the ice dragon but does no damage.
Your centaur closely misses the ice dragon.
Your centaur warrior zombie hits the ice dragon but does no damage.
Your centaur warrior zombie kicks the ice dragon but does no damage.
Your centaur barely misses the ice dragon.
Your centaur kicks the ice dragon but does no damage.
The ice dragon bites your centaur warrior zombie!
The ice dragon claws your centaur warrior zombie!
The ice dragon completely misses your centaur warrior zombie.
Your centaur warrior zombie hits the ice dragon but does no damage.
Your centaur warrior zombie kicks the ice dragon.
Your centaur hits the ice dragon but does no damage.
Your centaur kicks the ice dragon but does no damage.
Your centaur warrior zombie hits the ice dragon but does no damage.
Your centaur warrior zombie kicks the ice dragon but does no damage.
Your wraith hits the ice dragon but does no damage.
The ice dragon bites your centaur warrior zombie.
The ice dragon claws your centaur warrior zombie!
The ice dragon tramples your centaur warrior zombie!
Your centaur warrior zombie stumbles backwards!
The polar bear bites your centaur! The polar bear claws your centaur.
The polar bear barely misses your centaur.
Your centaur warrior zombie hits the ice dragon but does no damage.
Your centaur warrior zombie kicks the ice dragon but does no damage.
Your centaur closely misses the ice dragon.
Your centaur kicks the ice dragon but does no damage.
Your wraith hits the ice dragon but does no damage.
The ice dragon breathes frost at you. The blast of cold hits you!!!!
You feel a terrible chill!
Ouch! That really hurt!
You die...

******* *****,,,,,, *,,,,,,,,,,
#######################.,,,,,,,,,
........÷....Z..@.......,>,,,,,,,
.#######÷÷.WD...###.###.,,,,,,,,,
.......####c###.# *,* *,,,,,,,,,,
.#########h##*#.# *,* *,,,,,,****
.# #.## *..#**,***,,,,,,* ####
##.# *..#,,,,,,,,,,,** ...#
#.#*#..#*,,**,,,,,,* ##.#
**#..*####*,,**,,,,,,* .#,*
*,.h## *,,**,,,,,,*


You could see an ice dragon (catching breath, ally target), a friendly wraith
(summoned), a friendly centaur (summoned) and a friendly centaur warrior zombie
(summoned).

Vanquished Creatures
  Erolcha (D:11)
  A yak (D:11)
  A wraith (D:11)
  A water moccasin (D:4)
  3 orc warriors (D:6)
  2 sky beasts
  3 ogres
  A centaur (D:5)
  2 scorpions
  Dowan (D:7)
  A hound (D:6)
  A centaur skeleton (D:5)
  An orc priest (D:5)
  A bullfrog skeleton (D:3)
  An iguana (D:5)
  4 orc wizards
  A gnoll (D:7)
  5 adders
  2 dart slugs (D:1)
  10 orcs
  4 endoplasms
  7 giant cockroaches
  9 goblins
  7 hobgoblins
  3 jackals (D:2)
  4 quokkas
  6 ball pythons
  7 bats
  2 frilled lizards
  7 kobolds
  2 rats
101 creatures vanquished.

Vanquished Creatures (collateral kills)
  A manticore (D:11)
  Maggie (D:7)
  3 yaks (D:11)
  Menkaure (D:7)
  Duvessa (D:7)
  2 ogres
  A wolf (D:11)
  A centaur (D:7)
  Blork the orc (D:6)
  A bullfrog (D:6)
  A scorpion (D:7)
  A hound (D:5)
  An orc priest (D:6)
  4 orc wizards (D:6)
  2 killer bee zombies (D:7)
  A hound skeleton (D:5)
  5 gnolls
  2 adders
  A shadow imp (D:7)
  An orc (D:6)
32 creatures vanquished.

Vanquished Creatures (others)
  3 battlemagi
  3 ancestors (D:6)
6 creatures vanquished.

Grand Total: 139 creatures vanquished

Notes
Turn   | Place    | Note
-------+----------+-------------------------------------------
     0 | D:1      | ABBCCCDDDD the Djinni Hedge Wizard began the quest for the
                  | Orb.
     0 | D:1      | Reached XP level 1. HP: 15/15 MP: 0/0
   244 | D:1      | Reached XP level 2. HP: 16/22 MP: 0/0
   325 | D:1      | Found Ceanuism's Jewellery Boutique.
   331 | D:1      | Reached skill level 1 in Fighting
  1071 | D:1      | Reached skill level 3 in Dodging
  1071 | D:1      | Reached XP level 3. HP: 24/27 MP: 0/0
  1071 | D:1      | Learned a level 1 spell: Sting
  1818 | D:2      | Noticed Terence
  2435 | D:2      | Reached XP level 4. HP: 27/33 MP: 0/0
  3017 | D:3      | Noticed Ijyb
  3463 | D:3      | Reached skill level 4 in Dodging
  3463 | D:3      | Reached XP level 5. HP: 36/38 MP: 0/0
  3463 | D:3      | Learned a level 2 spell: Poisonous Vapours
  3516 | D:3      | Found a faded altar of an unknown god.
  3918 | D:4      | Found a sacrificial altar of Ru.
  3942 | D:4      | Found a staircase to the Ecumenical Temple.
  3947 | Temple   | Entered the Ecumenical Temple
  4167 | Temple   | Became a worshipper of Hepliaklqana the Forgotten
  4349 | D:4      | Reached XP level 6. HP: 40/43 MP: 0/0
  4660 | D:4      | Noticed an ogre
  4677 | D:4      | Killed an ogre
  4678 | D:4      | Reached skill level 5 in Dodging
  4883 | D:4      | Noticed a water moccasin
  4911 | D:4      | Killed a water moccasin
  4912 | D:4      | Reached XP level 7. HP: 26/49 MP: 0/0
  4912 | D:4      | Learned a level 3 spell: Ignite Poison
  5405 | D:5      | Entered Level 5 of the Dungeon
  5798 | D:5      | Reached * piety under Hepliaklqana
  5836 | D:5      | Reached skill level 6 in Dodging
  6532 | D:5      | Reached XP level 8. HP: 42/48 MP: 0/0
  7337 | D:6      | Reached skill level 7 in Dodging
  7337 | D:6      | Reached skill level 5 in Spellcasting
  7671 | D:6      | Reached skill level 8 in Dodging
  7882 | D:6      | Found a bloodstained altar of Trog.
  8118 | D:6      | Reached ** piety under Hepliaklqana
  8119 | D:6      | Remembered your ancestor Jens Ståhl as a battlemage
  8122 | D:6      | Reached XP level 9. HP: 48/52 MP: 0/0
  8122 | D:6      | Learned a level 3 spell: Tukima's Dance
  8598 | D:6      | Reached skill level 9 in Dodging
  8837 | D:6      | Noticed Blork the orc
  8845 | D:6      | Killed Blork the orc
  9000 | D:7      | Noticed Menkaure
  9009 | D:7      | Killed Menkaure
  9207 | D:7      | Noticed Duvessa
  9207 | D:7      | Noticed Dowan
  9212 | D:7      | Killed Duvessa
  9219 | D:7      | Killed Dowan
  9750 | D:7      | Noticed Maggie
  9762 | D:7      | Killed Maggie
  9763 | D:7      | Reached skill level 5 in Fighting
 10359 | D:8      | Noticed Joseph
 10695 | D:8      | You are sucked into a shaft and drop 3 floors!
 10695 | D:11     | Reached *** piety under Hepliaklqana
 10707 | D:11     | Noticed a manticore
 10757 | D:11     | Reached XP level 10. HP: 45/63 MP: 0/0
 10761 | D:11     | Noticed Erolcha
 10768 | D:11     | Killed Erolcha
 10769 | D:11     | Reached skill level 10 in Dodging
 10817 | D:11     | Found a frozen archway.
 10857 | D:11     | Noticed an ice dragon
 10901 | D:11     | Killed a manticore
 10912 | D:11     | Found a gate leading to a gauntlet.
 10917 | Gauntlet | Entered a Gauntlet
 10917 | Gauntlet | Found a transporter.
 10917 | Gauntlet | Noticed a large abomination
 11104 | Gauntlet | Found a transporter.
 11105 | Gauntlet | Found a transporter.
 11117 | Gauntlet | Found a runed translucent gate.
 11117 | Gauntlet | Found a runed translucent gate.
 11120 | Gauntlet | Found a runed translucent gate.
 11120 | Gauntlet | Found a transporter.
 11122 | Gauntlet | Found a transporter.
 11126 | Gauntlet | Noticed a moth of wrath
 11131 | Gauntlet | Found a transporter.
 11146 | Gauntlet | Found a transporter.
 11147 | Gauntlet | Noticed a hellion
 11150 | Gauntlet | Found a runed translucent door.
 11154 | Gauntlet | Noticed a blizzard demon
 11155 | Gauntlet | Found a runed translucent door.
 11157 | Gauntlet | Found a transporter.
 11159 | Gauntlet | Found a runed translucent door.
 11164 | Gauntlet | Noticed a wolf spider
 11166 | Gauntlet | Noticed an entropy weaver
 11167 | Gauntlet | Found a transporter.
 11181 | Gauntlet | Found a transporter.
 11190 | Gauntlet | Found a transporter.
 11190 | Gauntlet | Noticed a shining eye
 11192 | Gauntlet | Found a transporter.
 11266 | Gauntlet | Found a transporter.
 11269 | Gauntlet | Found a transporter.
 11345 | D:11     | Killed from afar by an ice dragon

Illustrated notes

Levels and vault maps discovered:
D:1:      ncdulo_watergridlock, layout_basic, serial_shops, shop
D:2:      cheibrodos_old_hovel, layout_basic, hex_large, uniq_terence
D:3:      layout_loops_ring, hellmonk_ecumenical_altar_leap_of_faith,
          kennysheep_generic_room_14, uniq_ijyb
D:4:      layout_loops_corners, kennysheep_mini_moat,
          minmay_temple_entry_offerings
D:5:      layout_layer_cave
D:6:      minmay_flawed_box, layout_basic, trog_antimagical, uniq_blork_the_orc
D:7:      layout_basic, uniq_maggie, uniq_duvessa, uniq_menkaure
D:8:      kb_forest_paths, layout_basic, serial_corexii_hall,
          chequers_hall_statues_corner_a, chequers_hall_statues_wall_a,
          corexii_hall_statues_l, uniq_joseph, uniq_psyche, uniq_erica
D:11:     layout_basic, portal_ice_cave_entry_animals_and_master,
          gauntlet_entry_generic, uniq_erolcha
Temple:   dpeg_five_rooms_temple

Skill      XL: |  1  2  3  4  5  6  7  8  9 10 |
---------------+-------------------------------+-----
Fighting       | 1 2 5 8 |  8.4
Dodging        | 3 4 5 6 8 9 10 | 10.0
Spellcasting   | 3 4 5 6 |  6.0
Shields        | 2 4 |  4.0
Stealth        | |  1.5

Action                   |  1- 3 |  4- 6 |  7- 9 | 10-12 || total
-------------------------+-------+-------+-------+-------++-------
Melee: Dagger            |     8 |     2 |     3 |       ||    13
       Short sword       |       |    27 |    38 |       ||    65
       Flail             |       |       |    17 |       ||    17
 Cast: Magic Dart        |   102 |    68 |    61 |       ||   231
       Blink             |     1 |     2 |       |       ||     3
       Sting             |     1 |       |     1 |       ||     2
       Conjure Flame     |       |     3 |     8 |     3 ||    14
       Poisonous Vapours |       |     7 |   116 |    18 ||   141
       Call Imp          |       |     1 |     7 |       ||     8
       Slow              |       |     1 |       |       ||     1
       Tukima's Dance    |       |       |     4 |       ||     4
       Mephitic Cloud    |       |       |     3 |     2 ||     5
Invok: Ancestor Life: Ba |       |       |     1 |       ||     1
       Recall Ancestor   |       |       |     1 |     1 ||     2
       Ancestor Identity |       |       |     1 |       ||     1
Evoke: Wand              |       |       |     1 |     3 ||     4
  Use: Scroll            |       |       |    11 |     2 ||    13
 Stab: Sleeping          |       |     1 |     2 |       ||     3
Armor: Robe              |     1 |       |       |       ||     1
       Leather armour    |     5 |     7 |    12 |       ||    24
       Steam dragon scal |       |       |     3 |     1 ||     4
Dodge: Dodged            |    14 |    19 |    66 |     2 ||   101

Table legend: (Time is in decaauts)
 A = Elapsed time spent in this place.
 B = Non-inter-level travel time spent in this place.
 C = Inter-level travel time spent in this place.
 D = Time resting spent in this place.
 E = Time spent auto-exploring this place.
 F = Levels seen in this place.
 G = Mean time per level.
                   A        B        C        D        E       F      G
               +--------+--------+--------+--------+--------+-----+--------+
         Total |  11362 |  11111 |    251 |   4001 |   5478 |  11 | 1032.9 |
       Dungeon |  10708 |  10543 |    165 |   3819 |   5306 |   9 | 1189.8 |
        Temple |    272 |    186 |     86 |      0 |    172 |   1 |  272.0 |
      Gauntlet |    380 |    380 |      0 |    182 |      0 |   1 |  380.0 |
               +--------+--------+--------+--------+--------+-----+--------+

Top non-repeatable levels by time:
     D:5: 1797 daAuts
     D:6: 1682 daAuts
     D:1: 1493 daAuts
     D:4: 1393 daAuts
     D:7: 1366 daAuts
     D:2: 1236 daAuts
     D:3: 1131 daAuts
Gauntlet: 380 daAuts
     D:8: 329 daAuts
    D:11: 278 daAuts
  Temple: 272 daAuts
